AoeStats
← Sir Paul

Arena

510663370Analyzed
1v1 RM · 1d ago on Oct 2, 2026· 42m 5s· 2 players
Game mode
Random Map
Map size
Tiny (2 player)
Population
200
Speed
Normal
Resources
Standard
Victory
Conquest
Starting age
Dark Age
Ending age
Imperial Age
RankedLock teamsTeams togetherTeam positionsShared explorationLock speedFull tech treeHidden civsTurbo modeCheats
Victory
Defeat
🇨🇱 Spanish · Chile
824
+16
🇨🇳 Danes · China
816
-16
hibiki
11:35 Feudal Age
13:13 Double-Bit Axe
13:10 Horse Collar
16:19 Castle Age
20:46 Fletching
23:12 Wheelbarrow
23:28 Heavy Plow
23:33 Scale Mail Armor
23:39 Stone Mining
27:38 Padded Archer Armor
27:35 Bodkin Arrow
27:14 Elite Skirmisher
30:00 Hand Cart
32:48 Imperial Age
31:37 Chain Mail Armor
31:33 Forging
31:39 Leather Archer Armor
31:54 Squires
31:41 Gambesons
32:08 Gold Mining
34:40 Chemistry
35:05 Ring Archer Armor
35:14 Iron Casting
35:13 Hamask
37:43 Northmen's Fury
40:31 Plate Mail Armor
Sir Paul
10:46 Feudal Age
16:06 Castle Age
14:32 Horse Collar
14:40 Double-Bit Axe
16:44 Loom
20:48 Bow Saw
22:02 Heavy Plow
24:17 Wheelbarrow
23:28 Town Watch
26:53 Hand Cart
27:41 Town Patrol
28:41 Padded Archer Armor
29:52 Gold Mining
32:54 Imperial Age
30:43 Leather Archer Armor
31:34 Scale Barding Armor
32:41 Chain Barding Armor
34:35 Light Cavalry
35:26 Bloodlines
35:32 Husbandry
35:37 Hussar
37:16 Plate Barding Armor
36:51 Forging
36:42 Scale Mail Armor
38:43 Chemistry
38:04 Ballistics
40:31 Iron Casting
40:12 Chain Mail Armor
42:27 Blast Furnace
41:58 Conscription
Connection lost

Rejoining the realm…

Still unreachable

The connection could not be restored.

Session expired

The server has moved on; the page needs a fresh start.